 Dungeon Crawl Stone Soup version 0.27-a0-291-gd9602db6ee (webtiles) character file.

Game seed: 14408467634647508648

3658 dickylongcocking the Spear-Bearer (level 10, -2/79 HPs)
             Began as a Merfolk Ice Elementalist on Feb 10, 2021.
             Was an Initiate of Gozag.
             Slain by a wolf (11 damage)
             ... led by Grum
             ... on level 8 of the Dungeon.
             The game lasted 00:10:48 (8581 turns).

dickylongcocking the Spear-Bearer (MfIE)            Turns: 8581, Time: 00:10:49

Health: -2/79      AC:  3    Str:  9    XL:     10   Next: 12%
Magic:  8/13       EV: 18    Int: 23    God:    Gozag
Gold:   383        SH:  0    Dex: 15    Spells: 2/13 levels left

rFire    + . .     SeeInvis .   s - +3 trident (venom)
rCold    + . .     Faith    .   (no shield)
rNeg     . . .     Spirit   .   a - +0 robe
rPois    .         Reflect  .   (no helmet)
rElec    .         Harm     .   g - scarf {rC+ rF+}
rCorr    .         Rampage  .   t - +0 pair of gloves
Will     .....                  (no boots)
Stlth    ++........             k - amulet of magic regeneration
HPRegen  0.23/turn              v - ring of wizardry
MPRegen  0.38/turn              r - +6 ring of intelligence

@: no status effects
A: change form in water, swift swim, stealthy swim
a: Renounce Religion, Potion Petition, Call Merchant, Bribe Branch


You were on level 8 of the Dungeon.
You worshipped Gozag.
Gozag was aware of your devotion.
You visited 1 branch of the dungeon, and saw 6 of its levels.

You collected 864 gold pieces.
You paid 481 gold pieces to Gozag.

Inventory:

Hand Weapons
 d - a +0 spear
 e - a +1 trident of venom
 s - a +3 trident of venom (weapon)
Armour
 a - a +0 robe (worn)
 g - a scarf of resistance (worn)
 t - a +0 pair of gloves (worn)
Jewellery
 k - an amulet of magic regeneration (around neck)
 m - an uncursed ring of resist corrosion
 r - a +6 ring of intelligence (right hand)
 u - an uncursed ring of fire
 v - a ring of wizardry (left hand)
 w - a +4 ring of evasion
Scrolls
 b - 8 scrolls of identify {unknown}
 c - 3 scrolls of remove curse
 f - 2 scrolls of teleportation {unknown}
 i - a scroll of magic mapping
 o - a scroll of enchant weapon
 x - a scroll of blinking {unknown}
Potions
 h - a potion of haste
 j - a potion of attraction {unknown}
 l - a potion of resistance {unknown}
 n - 3 potions of lignification {unknown}
 p - a potion of magic {unknown}
 q - a potion of ambrosia {unknown}


   Skills:
 * Level 7.0 Fighting
 * Level 9.2 Polearms
 * Level 9.0 Dodging
 - Level 2.3 Stealth
 - Level 2.2 Spellcasting
 * Level 5.0 Summonings
 * Level 8.7 Ice Magic


You had 2 spell levels left.
You knew the following spells:

 Your Spells              Type           Power        Failure   Level
a - Freeze                Ice            100%         1%          1
c - Ozocubu's Armour      Ice            42%          1%          3
d - Summon Ice Beast      Ice/Summ       34%          3%          4
f - Frozen Ramparts       Ice            84%          1%          3

Your spell library contained the following spells:

 Spells                   Type           Power        Failure   Level
 Hailstorm                Conj/Ice       22%          9%          4


Dungeon Overview and Level Annotations

Branches:
Dungeon (8/15)               Lair (0/6) D:8
 Temple: D:4-7

Altars:
Cheibriados
Fedhas
Gozag
Kikubaaqudgha
Nemelex Xobeh
Wu Jian

Annotations:
D:8 Grum


Message History

The puff of frost misses you.
The white imp lashes its tail. 2 wolves come into view.
The wolf moves out of view.
The wolf howls!
You hear a shout!
Grum the Hunter comes into view.
He is wielding a -1 glaive.
You see here a scale mail.
As you read the scroll labelled LASAOFF HOUFOL, it crumbles to dust.
You feel aware of your surroundings.
You sensed 2 altars.
It was a scroll of magic mapping.
As you read the scroll labelled BATZIO JOQAGUTI, it crumbles to dust.
It is a scroll of enchant weapon.
Your +2 trident of venom glows red for a moment.
The wolf bites you!
* * * LOW HITPOINT WARNING * * *
As you read the scroll labelled KURUGY YXYP, it crumbles to dust.
You feel blessed for a moment.
It was a scroll of remove curse.
The wolf bites you!
You die...
Your body crumbles into a pile of gold.

,* *,*,**,**,*,**,*,,* *,*,*
,*
*,,*,*,,,,,,,,,*,,*****_*,*
,*
**,***,***,,,,,,,,,,,,,,,,,,
,* **,**
**,**********,*******,* ,*
*,** **,* *,* **,* ,* **,**
**,** *,* **,,,
,******,***,** *,*****,,,,
,,,,,,,*,#.########
*,,,,,,,,,,
,*****,,,..g..hh@.#
*******,,,,
,,,,,,,,,########.# **,,,
*******,,* #5# **,, *,,* #.#
*** *,,* #.# * *,,* #.# *
*,,**### #.# * *,,,,..# #.#
* ***** *,***#.# #.# ******


You could see Grum, 2 wolves and a white imp.

Vanquished Creatures
  2 death yaks (D:8)
  Pikel (D:8)
  A manticore (D:7)
  Menkaure (D:4)
  A nameless horror (D:7)
  An orc warrior (D:4)
  2 ogres (D:4)
  A phantom (D:7)
  A lemure (D:8)
  Blork the orc (D:4)
  A wyvern skeleton (D:7)
  A scorpion (D:4)
  3 wights (D:7)
  A howler monkey (D:4)
  Crazy Yiuf (D:2)
  A bullfrog skeleton (D:7)
  7 orc priests
  4 orc wizards
  3 iguanas
  3 worker ants
  2 hell rats (D:8)
  3 gnolls (D:7)
  6 adders
  A white imp (D:7)
  An ufetubus (D:7)
  An ooze (D:4)
  An adder skeleton (D:4)
  4 worms
  5 dart slugs
  2 leopard geckos
  21 orcs
  3 ball pythons
  8 bats
  7 giant cockroaches
  9 goblins
  11 hobgoblins
  8 jackals
  4 quokkas
  4 frilled lizards
  10 kobolds
  A leopard gecko skeleton (D:4)
  A quokka skeleton (D:7)
  11 rats
161 creatures vanquished.

Vanquished Creatures (collateral kills)
  A wight (D:7)
  A worker ant (D:7)
2 creatures vanquished.

Vanquished Creatures (others)
  9 plants (D:2)
9 creatures vanquished.

Grand Total: 172 creatures vanquished

Notes
Turn   | Place    | Note
-------+----------+-------------------------------------------
     0 | D:1      | dickylongcocking the Merfolk Ice Elementalist began the
                  | quest for the Orb.
     0 | D:1      | Reached XP level 1. HP: 13/13 MP: 3/3
  1164 | D:1      | Reached XP level 2. HP: 10/19 MP: 0/5
  1559 | D:1      | Reached skill level 5 in Ice Magic
  1839 | D:1      | Reached XP level 3. HP: 16/24 MP: 3/6
  1847 | D:1      | Learned a level 3 spell: Frozen Ramparts
  2100 | D:1      | Reached skill level 1 in Polearms
  2815 | D:2      | Reached skill level 1 in Fighting
  3115 | D:2      | Found a runed translucent door.
  3116 | D:2      | Noticed Crazy Yiuf
  3156 | D:2      | Reached XP level 4. HP: 32/32 MP: 0/7
  3721 | D:2      | Found a faded altar of an unknown god.
  3948 | D:2      | Found an ancient bone altar of Kikubaaqudgha.
  3961 | D:2      | Reached XP level 5. HP: 33/38 MP: 5/8
  4332 | D:2      | Found an opulent altar of Gozag.
  4340 | D:2      | Became a worshipper of Gozag Ym Sagoz the Greedy
  4548 | D:2      | Killed Crazy Yiuf
  5258 | D:3      | Found a snail-covered altar of Cheibriados.
  5639 | D:4      | Noticed Menkaure
  5642 | D:4      | Noticed an orc warrior
  5647 | D:4      | Reached XP level 6. HP: 39/46 MP: 5/9
  5652 | D:4      | Killed an orc warrior
  5657 | D:4      | Killed Menkaure
  5658 | D:4      | Reached skill level 5 in Dodging
  5658 | D:4      | Reached XP level 7. HP: 39/52 MP: 7/10
  5916 | D:4      | Found a blossoming altar of Fedhas.
  6007 | D:4      | Noticed Blork the orc
  6014 | D:4      | Killed Blork the orc
  6147 | D:4      | Reached skill level 5 in Polearms
  6288 | D:4      | Learned a level 4 spell: Summon Ice Beast
  6735 | D:4      | Reached XP level 8. HP: 53/60 MP: 8/11
  6910 | D:4      | Reached skill level 1 in Summonings
  7158 | D:4      | You fall into a shaft and drop 3 floors!
  7159 | D:7      | Noticed a nameless horror
  7186 | D:7      | Killed a nameless horror
  7661 | D:7      | Learned a level 3 spell: Ozocubu's Armour
  7738 | D:7      | Reached skill level 5 in Fighting
  7894 | D:7      | Noticed a manticore
  7908 | D:7      | Killed a manticore
  7909 | D:7      | Reached XP level 9. HP: 45/68 MP: 1/12
  8247 | D:7      | Found an ornate altar of the Wu Jian Council.
  8247 | D:7      | Found a sparkling altar of Nemelex Xobeh.
  8504 | D:8      | Noticed a death yak
  8505 | D:8      | Noticed a death yak
  8524 | D:8      | Noticed a death yak
  8534 | D:8      | Killed a death yak
  8543 | D:8      | Noticed Pikel
  8547 | D:8      | Killed a death yak
  8551 | D:8      | Killed Pikel
  8552 | D:8      | Reached XP level 10. HP: 14/77 MP: 5/13
  8558 | D:8      | Noticed a two-headed ogre
  8560 | D:8      | Reached skill level 5 in Summonings
  8578 | D:8      | Noticed Grum
  8581 | D:8      | Slain by a wolf

Illustrated notes

Levels and vault maps discovered:
D:1:      saegor_arrival_fortress, layout_basic, minmay_close_crescents
D:2:      layout_loops_ring, grunt_gozag_breadcrumbs, lemuel_round_altar,
          chequers_ecumenical_altar_simple, serial_bayou_lagoon_b,
          uniq_crazy_yiuf_cottage
D:3:      layout_basic, cheibriados_altar_1, minmay_misc_feat_room,
          minmay_distorted
D:4:      layout_loops_corners, lemuel_crystal_altar,
          cheibrodos_sewer_entry_bend, guppyfry_early_orc_mine, uniq_menkaure,
          uniq_blork_the_orc
D:7:      layout_rooms, gammafunk_temple_overflow_wave
D:8:      layout_loops_ring, nicolae_dithmenos_shadow_blocks,
          overflow_temple_1_default, dpeg_lair_monsters, uniq_harold,
          uniq_pikel, uniq_grum

Skill      XL: |  1  2  3  4  5  6  7  8  9 10 |
---------------+-------------------------------+-----
Ice Magic      | 5 6 7 8 |  8.7
Dodging        | 3 4 5 6 7 8 9 |  9.0
Polearms       | 1 2 3 4 5 7 9 |  9.2
Fighting       | 1 2 3 4 5 6 7 |  7.0
Summonings     | 3 4 5 |  5.0
Stealth        | |  2.3
Spellcasting   | |  2.2

Action                   |  1- 3 |  4- 6 |  7- 9 | 10-12 || total
-------------------------+-------+-------+-------+-------++-------
Melee: Unarmed           |    11 |       |       |       ||    11
       Spear             |    85 |   106 |       |       ||   191
       Tailslap          |     1 |     1 |       |       ||     2
       Trident           |       |    19 |   176 |     8 ||   203
 Cast: Freeze            |    35 |     7 |     1 |       ||    43
       Frozen Ramparts   |     5 |    11 |    18 |       ||    34
       Summon Ice Beast  |       |       |    10 |     2 ||    12
       Ozocubu's Armour  |       |       |     3 |       ||     3
Invok: Potion Petition   |       |       |     2 |       ||     2
  Use: Potion            |     1 |     4 |       |       ||     5
       Scroll            |       |       |       |     3 ||     3
 Stab: Sleeping          |     2 |     5 |     1 |       ||     8
       Distracted        |       |     1 |     2 |     1 ||     4
Armor: Robe              |    26 |    15 |    15 |       ||    56
Dodge: Dodged            |    96 |    64 |   131 |     1 ||   292

Table legend: (Time is in decaauts)
 A = Elapsed time spent in this place.
 B = Non-inter-level travel time spent in this place.
 C = Inter-level travel time spent in this place.
 D = Time resting spent in this place.
 E = Time spent auto-exploring this place.
 F = Levels seen in this place.
 G = Mean time per level.
                   A        B        C        D        E       F      G
               +--------+--------+--------+--------+--------+-----+--------+
         Total |   8504 |   8231 |    273 |   1842 |   4994 |   6 | 1417.3 |
       Dungeon |   8504 |   8231 |    273 |   1842 |   4994 |   6 | 1417.3 |
               +--------+--------+--------+--------+--------+-----+--------+

Top non-repeatable levels by time:
     D:1: 2719 daAuts
     D:2: 2019 daAuts
     D:4: 1618 daAuts
     D:7: 1331 daAuts
     D:3: 735 daAuts
     D:8: 80 daAuts
